 Dungeon Crawl Stone Soup version 0.31-a0-609-g7bf6ffcfed (webtiles) character file.

Game seed: 15992066383082847471

4297 freelancePsychic the Trooper (level 10, 0/72 HPs)
             Began as a Djinni Shapeshifter on Aug 21, 2023.
             Was a Believer of Cheibriados.
             Slain by a sixfirhy (10 damage)
             ... summoned by a kobold demonologist
             ... in a bailey.
             The game lasted 00:22:28 (10429 turns).

freelancePsychic the Trooper (Djinni Shapeshifter) Turns: 10429, Time: 00:22:29

Health: 0/72       AC:  8    Str: 19    XL:     10   Next: 57%
Gold:   364        EV: 13    Int: 25    God:    Cheibriados [**....] SH: 13 Dex: 25

rFire   + + .        a - +2 dagger (elec)
rCold   x . .        i - +2 buckler
rNeg    . . .        l - +0 acid dragon scales
rPois   ∞            H - +1 helmet
rElec   .            (no cloak)
rCorr   +            (no gloves)
SInv    .            (boots unavailable)
Will    +....        m - amulet of reflection
Stlth   +++          u - +6 ring of intelligence
HPRegen 0.32/turn    D - +6 ring of dexterity
MPRegen 0.00/turn

%: reflection, infuse magic (-1 HP)
@: confusing by touch, flying, very slow
A: sickness immunity, fire resistance 2, cold vulnerability 1, float, innate
caster, HP casting, extra vitality 1
a: Renounce Religion, Bend Time


You were in a bailey.
You worshipped Cheibriados.
Cheibriados was pleased with you.
You visited 2 branches of the dungeon, and saw 10 of its levels.
You also visited: Bailey.

You collected 364 gold pieces.

Inventory:

Hand Weapons
 a - a +2 dagger of electrocution (weapon)
 b - a +2 dagger of venom
 o - the +7 falchion of Parts Unknown {heavy, rF+ rN+ Will- SInv}
   (You found it on level 2 of the Dungeon)

   rF+:       It protects you from fire.
   rN+:       It protects you from negative energy.
   Will-:     It decreases your willpower.
   SInv:      It lets you see invisible.
Armour
 i - a +2 buckler (worn)
 l - +0 acid dragon scales (worn)
 r - a +0 animal skin
 H - a +1 helmet (worn)
Jewellery
 f - a ring of ice
 g - an amulet of the acrobat
 m - an amulet of reflection (around neck)
 u - a +6 ring of intelligence (left hand)
 D - a +6 ring of dexterity (right hand)
Talismans
 c - a beast talisman
 d - a flux talisman
Wands
 n - a wand of digging (3)
 A - a wand of roots (11)
 B - a wand of polymorph (4)
Scrolls
 p - 4 scrolls of teleportation {@r4}
 s - a scroll of vulnerability
 x - a scroll of fear
Potions
 h - a potion of cancellation {unknown}
 j - 2 potions of mutation {unknown}
 k - 2 potions of might
 q - 2 potions of haste {@q3}
 v - 3 potions of brilliance {unknown}
 w - a potion of attraction {unknown}
 C - a potion of degeneration {unknown}
 E - a potion of curing {unknown}
 G - 3 potions of heal wounds {unknown}


   Skills:
 + Level 6.3 Fighting
 - Level 5.0 Short Blades
 + Level 3.3 Dodging
 - Level 5.0 Stealth
 * Level 2.3 Shields
 - Level 3.0 Unarmed Combat
 * Level 6.1 Spellcasting
 * Level 6.1 Conjurations
 * Level 6.1 Hexes
   Level 0.0 Charms
 * Level 6.1 Summonings
 * Level 6.1 Necromancy
 * Level 6.1 Translocations
 * Level 6.1 Transmutations
 * Level 6.1 Fire Magic
 * Level 6.1 Ice Magic
 * Level 6.1 Air Magic
 * Level 6.1 Earth Magic
 * Level 6.1 Poison Magic
 - Level 5.1 Invocations
 - Level 2.6 Shapeshifting


You knew the following spells:

 Your Spells              Type           Power      Damage    Failure   Level
a - Apportation           Tloc           76%        N/A       1%          1
b - Poisonous Vapours     Pois/Air       76%        N/A       1%          2
c - Confusing Touch       Hex            38%        N/A       3%          3
d - Dispel Undead         Necr           38%        3d16      10%         4
Your spell library was empty.

Dungeon Overview and Level Annotations

Branches:
Dungeon (9/15)             Temple (1/1) D:5             Orc (0/2) D:9
 Bailey (1/1)
   Lair: D:8-11

Altars:
Ashenzari
Cheibriados
Dithmenos
Elyvilon
Gozag
Hepliaklqana
Makhleb
Nemelex Xobeh
Okawaru
Qazlal
Ru
Uskayaw
Wu Jian
Xom
Zin
The Shining One

Shops:
D:1 *

Annotations:
D:6 exclusion: 2 wights
D:8 exclusion: kobold demonologist
D:9 3 runed translucent doors


Innate Abilities, Weirdness & Mutations

You are immune to sickness and miasma.
You are immune to poison.
Your flesh is very heat resistant. (rF++)
You are vulnerable to cold. (rC-)
You float through the air rather than walking.
You learn spells naturally, not from books.
Your magical power is your life essence.
You have superior vitality. (+4 MHP)


Message History

A kobold demonologist is nearby!
Casting: Poisonous Vapours (safe; 1% risk of failure)
Confirm with . or Enter, or press ? or * to list all spells.
Aiming: Poisonous Vapours (safe; 1% risk of failure)
Press: ? - help, Dir - move target, f - kobold demonologist
Aim: a kobold demonologist, wielding a +0 war axe and wearing a +0 ring mail (wandering, hasn't noticed you) Poisonous vapours surround the kobold demonologist!
The kobold demonologist is poisoned.
The kobold demonologist shouts!
You hear a shout!
Casting: Poisonous Vapours (safe; 1% risk of failure)
Confirm with . or Enter, or press ? or * to list all spells.
Aiming: Poisonous Vapours (safe; 1% risk of failure)
Press: ? - help, Dir - move target, f/p - kobold demonologist
Aim: a kobold demonologist, wielding a +0 war axe and wearing a +0 ring mail (very poisoned) Poisonous vapours surround the kobold demonologist!
The kobold demonologist looks as sick as possible!
An orc comes into view. It is wielding a +0 hand axe.
You hit the kobold demonologist.
The kobold demonologist is lightly wounded.
The kobold demonologist barely misses you.
You closely miss the kobold demonologist.
The kobold demonologist is lightly wounded.
The kobold demonologist looks encouraged for a moment.
Casting: Poisonous Vapours (safe; 1% risk of failure)
Confirm with . or Enter, or press ? or * to list all spells.
Your hands begin to glow red.
* * * LOW HITPOINT WARNING * * *
The kobold demonologist mumbles some strange words.
You hit the kobold demonologist but do no damage.
The kobold demonologist is lightly wounded.
You block the sixfirhy's attack.
The kobold demonologist hits you but does no damage.
You hit the kobold demonologist but do no damage.
The kobold demonologist is moderately wounded.
The sixfirhy hits you.
* * * LOW HITPOINT WARNING * * *
The sixfirhy shocks you!
* * * LOW HITPOINT WARNING * * *
The sixfirhy misses you. The sixfirhy hits you!
You die...

≈≈≈# ≈≈≈# ≈≈≈# ≈≈≈# ≈≈≈# ≈≈≈###
######### ≈≈≈~.# #....+[[# ≈≈≈~.#
#....#[[# ≈≈≈~.#++#####...@#..+
≈≈≈~.#.....##..3K####
.....'.....##)).o# .#.~≈≈≈≈≈
.....)..⌠..##.._.'.. .∩5≈≈≈≈≈
.....'.....##..).#..8K #.o3≈≈≈≈
≈≈≈~.#.....##....#########.o≈≈≈≈≈
≈≈≈~)#++#####....# #..#.~≈≈≈≈≈
≈≈≈).# #....#) ..#.~≈≈≈≈≈ ≈≈≈~.#
#....+)) #.K3≈≈≈≈


You could see a kobold demonologist (extremely poisoned), a sixfirhy (summoned)
and an orc.

Vanquished Creatures
  A kobold demonologist (Bailey)
  A hornet (D:4)
  A shadow (D:9)
  An acid dragon (D:9)
  A water moccasin (D:6)
  2 orc warriors
  A sky beast (D:8)
  4 ice beasts
  2 ogres
  A centaur (D:7)
  A phantom (D:5)
  A gnoll sergeant (D:9)
  2 bullfrogs
  A scorpion (D:5)
  8 wights
  6 killer bees
  7 electric eels
  A howler monkey (D:4)
  A jelly (D:3)
  A gnoll bouda (D:6)
  A hound (D:5)
  10 orc priests
  A sleepcap (D:4)
  An iguana (D:5)
  11 orc wizards
  20 gnolls
  11 adders
  A white imp (D:8)
  2 worms
  3 dart slugs
  35 orcs
  6 endoplasms
  2 giant cockroaches
  8 goblins
  6 hobgoblins
  2 jackals (D:3)
  A quokka (D:2)
  8 ball pythons
  A bat (D:2)
  2 frilled lizards
  4 kobolds
  5 rats
185 creatures vanquished.

Vanquished Creatures (collateral kills)
  A wight (D:9)
  2 killer bees (D:9)
3 creatures vanquished.

Grand Total: 188 creatures vanquished

Notes
Turn   | Place    | Note
-------+----------+-------------------------------------------
     0 | D:1      | freelancePsychic the Djinni Shapeshifter began the quest
                  | for the Orb.
     0 | D:1      | Reached XP level 1. HP: 17/17 MP: 0/0
    61 | D:1      | Found Pufaq's Assorted Antiques.
   195 | D:1      | Reached skill level 1 in Spellcasting
   195 | D:1      | Reached skill level 1 in Conjurations
   195 | D:1      | Reached skill level 1 in Hexes
   195 | D:1      | Reached skill level 1 in Summonings
   195 | D:1      | Reached skill level 1 in Necromancy
   195 | D:1      | Reached skill level 1 in Translocations
   195 | D:1      | Reached skill level 1 in Transmutations
   195 | D:1      | Reached skill level 1 in Fire Magic
   195 | D:1      | Reached skill level 1 in Ice Magic
   195 | D:1      | Reached skill level 1 in Air Magic
   195 | D:1      | Reached skill level 1 in Earth Magic
   195 | D:1      | Reached skill level 1 in Poison Magic
   195 | D:1      | Reached XP level 2. HP: 22/22 MP: 0/0
   295 | D:1      | Noticed a floating eye
   297 | D:1      | Found a faded altar of an unknown god.
   299 | D:1      | Noticed a shining eye
   300 | D:1      | Noticed an eye of devastation
   300 | D:1      | Noticed a great orb of eyes
   315 | D:1      | Prayed at the altar of an unknown god.
   315 | D:1      | Became a worshipper of the Shining One
   315 | D:1      | Reached * piety under the Shining One
   640 | D:2      | Reached XP level 3. HP: 20/27 MP: 0/0
   640 | D:2      | Learned a level 1 spell: Apportation
   828 | D:2      | Identified the +7 falchion of Parts Unknown {heavy, rF+ rN+
                  | Will- SInv}
  1089 | D:2      | Found a hide-covered altar of Uskayaw.
  1105 | D:2      | Reached XP level 4. HP: 31/32 MP: 0/0
  2121 | D:3      | Reached XP level 5. HP: 33/37 MP: 0/0
  2121 | D:3      | Learned a level 2 spell: Poisonous Vapours
  2279 | D:3      | Reached XP level 6. HP: 14/42 MP: 0/0
  2466 | D:4      | Noticed an ogre
  2470 | D:4      | Reached ** piety under the Shining One
  2486 | D:4      | Killed an ogre
  2734 | D:4      | Reached XP level 7. HP: 47/47 MP: 0/0
  2734 | D:4      | Learned a level 3 spell: Confusing Touch
  3246 | D:4      | Noticed a hornet
  3259 | D:4      | Killed a hornet
  3920 | D:4      | Reached XP level 8. HP: 42/54 MP: 0/0
  4016 | D:5      | Entered Level 5 of the Dungeon
  4136 | D:5      | Found a shimmering altar of Xom.
  4262 | D:5      | Found a staircase to the Ecumenical Temple.
  4278 | D:5      | Noticed a fire elemental
  4280 | D:5      | Found a stormy altar of Qazlal.
  4282 | D:5      | Noticed an air elemental
  4282 | D:5      | Noticed a water elemental
  5298 | D:6      | Reached XP level 9. HP: 27/61 MP: 0/0
  5298 | D:6      | Learned a level 4 spell: Dispel Undead
  5815 | D:6      | Found a glowing golden altar of the Shining One.
  6322 | D:7      | Reached *** piety under the Shining One
  6582 | Temple   | Entered the Ecumenical Temple
  6604 | Temple   | Fell from the grace of the Shining One
  6604 | Temple   | Became a worshipper of Cheibriados the Contemplative
  6921 | D:7      | Reached skill level 5 in Short Blades
  6921 | D:7      | Reached skill level 5 in Stealth
  6921 | D:7      | Reached skill level 1 in Invocations
  7405 | D:7      | Reached skill level 5 in Fighting
  7722 | D:7      | Reached * piety under Cheibriados
  7888 | D:7      | Reached skill level 5 in Invocations
  8352 | D:8      | Reached skill level 5 in Spellcasting
  8352 | D:8      | Reached skill level 5 in Conjurations
  8352 | D:8      | Reached skill level 5 in Hexes
  8352 | D:8      | Reached skill level 5 in Summonings
  8352 | D:8      | Reached skill level 5 in Necromancy
  8352 | D:8      | Reached skill level 5 in Translocations
  8352 | D:8      | Reached skill level 5 in Transmutations
  8352 | D:8      | Reached skill level 5 in Fire Magic
  8352 | D:8      | Reached skill level 5 in Ice Magic
  8352 | D:8      | Reached skill level 5 in Air Magic
  8352 | D:8      | Reached skill level 5 in Earth Magic
  8352 | D:8      | Reached skill level 5 in Poison Magic
  8352 | D:8      | Reached XP level 10. HP: 53/70 MP: 0/0
  8915 | D:8      | Found an ornate altar of the Wu Jian Council.
  8985 | D:8      | Noticed a kobold demonologist
  9316 | D:9      | Reached ** piety under Cheibriados
  9616 | D:9      | Reached skill level 1 in Shields
  9685 | D:9      | Found a runed translucent gate.
  9685 | D:9      | Found a runed translucent gate.
  9685 | D:9      | Found a runed translucent gate.
  9693 | D:9      | Found a flagged portal.
  9716 | Bailey   | Entered a bailey
 10359 | Bailey   | Noticed a kobold demonologist
 10360 | Bailey   | Noticed a smoke demon
 10367 | Bailey   | Found an iron altar of Okawaru.
 10367 | Bailey   | Noticed a kobold demonologist
 10369 | Bailey   | Noticed a soul eater
 10378 | Bailey   | Killed a kobold demonologist
 10428 | Bailey   | Noticed a sixfirhy
 10429 | Bailey   | Slain by a sixfirhy

Illustrated notes

Levels and vault maps discovered:
D:1:      lemuel_arrival_funnel, layout_loops_cross,
          hellmonk_ecumenical_altar_watching_god, serial_shops,
          nicolae_shop_just_a_little_nook
D:2:      layout_basic, basic_altar
D:3:      layout_rooms, kennysheep_orc_sif_temple
D:4:      layout_basic
D:5:      layout_basic, nicolae_qazlal_style_of_elements,
          mainiacjoe_overflow_small_starburst, minmay_temple_entry_mist,
          corexii_item_surrounded_by_moat, roderic_malta_cross
D:6:      layout_loops_ring, nicolae_overflow_hidden_temple
D:7:      layout_gridville, st_stairs_14
D:8:      layout_basic, nicolae_wu_jian_glorious_leap
D:9:      layout_gridville, bloody_trog, orc_0_dummy,
          lightli_bailey_entry_fortress, serial_shops,
          nicolae_shop_real_fake_doors, gammafunk_ghost_necromancy,
          grunt_ministairs_6
Temple:   nicolae_temple_superstar
Bailey:   bailey_axe_of_yendor_kennysheep, bailey

Skill      XL: |  1  2  3  4  5  6  7  8  9 10 |
---------------+-------------------------------+-----
Spellcasting   | 1 2 3 4 5 6 |  6.1
Conjurations   | 1 2 3 4 5 6 |  6.1
Hexes          | 1 2 3 4 5 6 |  6.1
Summonings     | 1 2 3 4 5 6 |  6.1
Necromancy     | 1 2 3 4 5 6 |  6.1
Translocations | 1 2 3 4 5 6 |  6.1
Transmutations | 1 2 3 4 5 6 |  6.1
Fire Magic     | 1 2 3 4 5 6 |  6.1
Ice Magic      | 1 2 3 4 5 6 |  6.1
Air Magic      | 1 2 3 4 5 6 |  6.1
Earth Magic    | 1 2 3 4 5 6 |  6.1
Poison Magic   | 1 2 3 4 5 6 |  6.1
Short Blades   | 2 4 5 |  5.0
Stealth        | 2 4 5 |  5.0
Fighting       | 2 3 5 6 |  6.3
Invocations    | 5 |  5.1
Dodging        | 3 |  3.3
Shields        | 2 |  2.3
Unarmed Combat | |  3.0
Shapeshifting  | |  2.6

Action                     |  1- 3 |  4- 6 |  7- 9 | 10-12 || total
---------------------------+-------+-------+-------+-------++-------
  Melee: Mace              |    14 |       |       |       ||    14
         Unarmed           |    20 |       |       |       ||    20
         Falchion          |    13 |       |       |       ||    13
         Dagger            |    10 |    99 |   242 |    76 ||   427
         Punch             |       |     4 |    10 |     2 ||    16
   Cast: Poisonous Vapours |       |     4 |   102 |    52 ||   158
         Confusing Touch   |       |       |    14 |     4 ||    18
         Dispel Undead     |       |       |    10 |     3 ||    13
 Invoke: Bend Time         |       |       |       |     1 ||     1
  Evoke: Wand              |       |       |     1 |     4 ||     5
    Use: Potion            |       |       |     3 |     1 ||     4
         Scroll            |       |       |     2 |    11 ||    13
   Stab: Confused          |       |       |     5 |     2 ||     7
 Armour: Animal skin       |     6 |    15 |    15 |     2 ||    38
         Skin              |       |       |     6 |     7 ||    13
         Acid dragon scale |       |       |       |     8 ||     8
  Dodge: Dodged            |    50 |    44 |   118 |    36 ||   248
  Block: Other             |     8 |    20 |    33 |     6 ||    67
         Reflection        |       |       |     1 |     1 ||     2
         Buckler           |       |       |       |    30 ||    30
         Form:             |       |       |     1 |       ||     1

Table legend: (Time is in decaauts)
 A = Elapsed time spent in this place.
 B = Non-inter-level travel time spent in this place.
 C = Inter-level travel time spent in this place.
 D = Time resting spent in this place.
 E = Time spent auto-exploring this place.
 F = Levels seen in this place.
 G = Mean time per level.
                   A        B        C        D        E       F      G
               +--------+--------+--------+--------+--------+-----+--------+
         Total |  10809 |  10143 |    666 |    868 |   7400 |  11 |  982.6 |
       Dungeon |  10019 |   9362 |    657 |    584 |   7110 |   9 | 1113.2 |
        Temple |     31 |     22 |      9 |      0 |      0 |   1 |   31.0 |
        Bailey |    759 |    759 |      0 |    284 |    290 |   1 |  759.0 |
               +--------+--------+--------+--------+--------+-----+--------+

Top non-repeatable levels by time:
     D:6: 1877 daAuts
     D:8: 1547 daAuts
     D:4: 1514 daAuts
     D:7: 1471 daAuts
     D:2: 1030 daAuts
     D:5: 935 daAuts
     D:3: 832 daAuts
  Bailey: 759 daAuts
     D:1: 632 daAuts
     D:9: 177 daAuts
  Temple: 31 daAuts
